Cogmind - Beta 17 @@@ ROGUE MODE // 2026.07.26 @ 18:54:26 Player: JackZewap Result: Self-destructed Performance ------------- Evolutions (5) 2500 Regions Visited (6) 1200 Robots Destroyed (29) 145 Value Destroyed (755) 755 Prototype IDs (9) 180 Alien Tech Used (0) 0 Bonus (0) 0 TOTAL SCORE: 4780 Bonus ------- None Cogmind --------- Core Integrity 790/1000 Matter 6/300 Energy 140/140 System Corruption 2% Temperature Cool (0) Movement Core (450) Ox8 Location -5/Factory Parts ------- > --- POWER (2) -------- Light Deuterium Engine > --- PROPULSION (7) --- Antigrav System Combat Gravmag System > --- UTILITY (6) ------ Small Storage Unit Gravity Neutralizer Trap Scanner Enhanced Optical Array Core Analyzer > --- WEAPON (2) ------- Enhanced Gauss Cannon Falx > --- INVENTORY (8) ---- Improved Cooling System Triangulator Advanced Sensor Array Component Analysis Suite Drone Bay (2/2) Peak State ------------ > --- POWER ------------ Light Ion Engine Micro Fission Core > --- PROPULSION ------- Gravmag System Gravmag System Gravmag System Gravmag Array Xenon Bombardment Thruster Xenon Bombardment Thruster > --- UTILITY ---------- Small Storage Unit Advanced Signal Interpreter Core Analyzer Improved Light Armor Plating Improved Medium Armor Plating Advanced Shield Generator > --- WEAPON ----------- Remote Datajack Falx > --- INVENTORY -------- Improved Cooling System Gravity Neutralizer Trap Scanner Enhanced Optical Array Advanced Terrain Scanner Core Analyzer Component Analysis Suite [Rating: 72] Favorites ----------- Power Light Ion Engine Engine Light Ion Engine Power Core Micro Fission Core Propulsion Xenon Bombardment Thruster Treads Light Treads Hover Unit Gravmag System Flight Unit Xenon Bombardment Thruster Utility Small Storage Unit Device Structural Scanner Storage Small Storage Unit Processor Core Analyzer Hackware Hacking Suite Protection Improved Propulsion Shielding Weapon Light Assault Rifle Ballistic Gun Light Assault Rifle Ballistic Cannon Enhanced Gauss Cannon Special Weapon Remote Datajack Slashing Weapon Falx Build | -11 -10 -9 -8 -7 -6 -5 ------- Run | Yrd Mat Mat Mat Fac Fac Fac Slots Evolved 10 | . . 2 2 2 2 2 Power 1 | . . . . . . 1 Propulsion 5 | . . 2 2 . 1 . Utility 4 | . . . . 2 1 1 Weapon . | . . . . . . . Parts Attached 67 | 6 3 13 3 14 14 14 Power 7 | 1 . 2 . 1 1 2 Engine 6 | 1 . 2 . 1 1 1 Core 1 | . . . . . . 1 Reactor . | . . . . . . . Propulsion 24 | 2 2 10 . 5 3 2 Treads 2 | 2 . . . . . . Leg . | . . . . . . . Wheel . | . . . . . . . Hover 12 | . 2 3 . 2 3 2 Flight 10 | . . 7 . 3 . . Utility 25 | 1 1 . 2 6 7 8 Device 8 | . 1 . . 1 4 2 Storage 3 | 1 . . 1 . . 1 Processor 8 | . . . 1 4 1 2 Hackware 1 | . . . . 1 . . Protection 5 | . . . . . 2 3 Artifact . | . . . . . . . Weapon 11 | 2 . 1 1 2 3 2 Energy Gun . | . . . . . . . Energy Cannon . | . . . . . . . Ballistic Gun 5 | 2 . 1 1 . . 1 Ballistic Cannon 1 | . . . . . . 1 Launcher . | . . . . . . . Special Weapon 1 | . . . . . 1 . Impact Weapon . | . . . . . . . Slashing Weapon 4 | . . . . 2 2 . Piercing Weapon . | . . . . . . . Special Melee Weapon . | . . . . . . . Unidentified Prototypes 4 | . . 1 1 1 1 . Parts Lost 25 | . . 10 . 1 2 12 Power 4 | . . 1 . . 1 2 Propulsion 15 | . . 7 . 1 1 6 Utility 3 | . . . . . . 3 Weapon 3 | . . 2 . . . 1 Highest Loss Streak 7 | . . 6 . 1 2 7 To Critical Strikes . | . . . . . . . Average Backups 6 | . 2 5 7 7 7 7 Power . | . . . 1 . . . Propulsion . | . 1 1 . . . . Utility 4 | . . 2 5 5 7 7 Weapon . | . . 1 1 1 . . Tool/Special . | . . . . . . . Unused Backups 15 | . . . 3 4 1 7 Power . | . . . . . . . Propulsion . | . . . . . . . Utility 13 | . . . 2 3 1 7 Weapon 2 | . . . 1 1 . . Tool/Special . | . . . . . . . Average Slot Usage (%) 78 | . 85 87 42 63 91 83 Engine 5 | . 14 7 . 3 5 4 Core 1 | . . . . . . 3 Treads 2 | . 23 . . . . . Hover 12 | . 4 19 . 2 18 17 Flight 14 | . . 19 20 21 20 9 Device 5 | . . 11 7 2 5 6 Storage 7 | . 14 11 9 7 6 5 Processor 6 | . . . 1 11 6 11 Hackware 1 | . . . . 6 6 . Protection 3 | . . . . . 7 8 Ballistic Gun 6 | . 28 18 3 . . . Special Weapon 1 | . . . . . 2 4 Slashing Weapon 3 | . . . . 6 10 2 Peak Build Rating 72 | 6 9 13 10 41 59 72 Average Rating 34 | 4 6 10 7 21 53 64 On Entrance 17 | . 6 9 6 6 34 59 Avg Prop Armor Cover (%) 6 | . . 5 . 8 11 3 Naked Turns . | . . . . . . . Heaviest Build 40 | 10 11 16 9 15 24 40 Greatest Support 47 | 40 40 28 12 28 47 47 Greatest Overweight (x) 1 | . 1 1 . 1 . 1 Average Overweight (x) . | . . . . . . . Largest Inventory Capacity 10 | 8 8 8 8 8 8 10 Average Capacity 8 | 6 8 8 8 8 8 8 Most Carried 10 | . 6 8 8 8 8 10 Average Carried 6 | . 2 5 7 7 7 7 Final Capacity 8 | 8 8 8 8 8 8 8 Final Carried 8 | . 6 7 8 8 7 5 Class Distribution -------------------- 78% | Mutant 21% | Sprinter Dominant Class ---------------- Mutant | -10/Materials Mutant | -9/Materials Mutant | -8/Materials Sprinter | -7/Factory Sprinter | -6/Factory Mutant | -5/Factory Resources | -11 -10 -9 -8 -7 -6 -5 ----------- Run | Yrd Mat Mat Mat Fac Fac Fac Matter Collected 1069 | 248 38 218 103 . 322 140 Remotely . | . . . . . . . Salvage Created 1059 | . 99 265 48 . 343 304 Parts 79 | . 8 27 2 . 17 25 Haulers Intercepted 2 | . . 1 1 . . . Recyclers Shooed 3 | . 2 1 . . . . Parts Field Recycled . | . . . . . . . Retrieved Matter . | . . . . . . . Parts Self-Destructed . | . . . . . . . Prevented . | . . . . . . . Parts Restored . | . . . . . . . Kills | -11 -10 -9 -8 -7 -6 -5 ------- Run | Yrd Mat Mat Mat Fac Fac Fac Combat Hostiles Destroyed 22 | . 2 12 . . 1 7 Melee 4 | . . . . . 1 3 Guns 14 | . 2 12 . . . . Cannons 4 | . . . . . . 4 Classes Destroyed 8 | . 1 2 . . 4 1 Worker 1 | . . . . . 1 . Hauler 2 | . . 1 1 . . . Recycler 2 | . . . . . 2 . Watcher 2 | . . . . . 1 1 Swarmer 14 | . . 11 . . . 3 Grunt 3 | . 2 1 . . . . Sentry 1 | . . . . . . 1 Programmer 4 | . . . . . 1 3 Best Kill Streak 4 | . 2 4 1 . 3 3 Combat Bots Only 4 | . 2 4 . . 1 3 Max Kills in Single Turn 1 | . 1 1 1 . 1 1 Gunslinging . | . . . . . . . Exploded . | . . . . . . . Melee 1 | . . . . . 1 1 Uniques/NPCs Destroyed . | . . . . . . . Combat | -11 -10 -9 -8 -7 -6 -5 -------- Run | Yrd Mat Mat Mat Fac Fac Fac Hostile Shots Fired 354 | . 9 134 20 50 15 126 Missed 135 | . 1 51 10 24 8 41 Hits 219 | . 8 83 10 26 7 85 Projectile 219 | . 8 83 10 26 7 85 AOE 1 | . . . . . . 1 Critical Strikes 9 | . . 3 1 . . 5 Part Disruptions 1 | . . . . . . 1 Damage Taken 3116 | . 116 797 190 189 86 1738 Core 713 | . 34 221 177 55 16 210 Absorbed by Shields 123 | . . . . 37 . 86 Redirected to Shielding 102 | . . . . . 30 72 Ignored by Resistances 35 | . . . . . . 35 Core Remaining (%) 81 | 100 86 44 67 92 98 . Volleys Fired 93 | . 13 46 3 . 3 28 Largest 2 | . 2 2 1 . 1 1 Hottest 47 | . 40 40 25 . 5 47 Shots Fired 152 | . 26 92 3 . 3 28 Gun 127 | . 26 92 3 . . 6 Cannon 22 | . . . . . . 22 Launcher . | . . . . . . . Special 3 | . . . . . 3 . Kinetic 149 | . 26 92 3 . . 28 Thermal . | . . . . . . . Explosive . | . . . . . . . Electromagnetic . | . . . . . . . Robot Hit Streak 9 | . 9 7 1 . 2 9 Robot Miss Streak 6 | . 1 6 2 . 1 2 Penetration Max 1 | . . . . . . 1 Secondary Targets 1 | . . 1 . . . . Max Gunslinging Chain 1 | . . 1 . . . . Shots Hit Robots 109 | . 22 51 1 . 8 27 Core Hits 46 | . 8 22 1 . 4 11 Critical Kills . | . . . . . . . Critical Parts Destroyed 3 | . 1 1 . . . 1 Critical Strikes 9 | . 1 1 . . . 7 Destroy 3 | . 1 1 . . . 1 Blast 3 | . . . . . . 3 Sever 3 | . . . . . . 3 Melee Attacks 34 | . . . . 1 13 20 Impact . | . . . . . . . Slashing 34 | . . . . 1 13 20 Piercing . | . . . . . . . Sneak Attacks 3 | . . . . . 3 . Combat Hostiles . | . . . . . . . Follow-up Attacks . | . . . . . . . Damage Inflicted 1939 | . 169 416 15 . 423 916 Guns 629 | . 169 416 15 . . 29 Cannons 583 | . . . . . . 583 Explosions . | . . . . . . . Melee 727 | . . . . . 423 304 Ramming . | . . . . . . . Kinetic 1212 | . 169 416 15 . . 612 Thermal . | . . . . . . . Explosive . | . . . . . . . Electromagnetic . | . . . . . . . Impact . | . . . . . . . Slashing 727 | . . . . . 423 304 Piercing . | . . . . . . . Highest Corruption 4 | . . 4 . . 1 2 Average Corruption 2 | . . 4 . . 1 1 Corruption Purged 1 | . . . . . 1 . Corruption Blocked . | . . . . . . . Effects 4 | . . 4 . . . . Matter Fused 3 | . . 3 . . . . Data Loss (minor) 1 | . . 1 . . . . Overload Shots . | . . . . . . . Overflow Damage 115 | . . . . . 53 62 Projectiles 22 | . . . . . . 22 Explosions . | . . . . . . . Melee 93 | . . . . . 53 40 Knockbacks 1 | . . . . . . 1 Impact . | . . . . . . . Kinetic 1 | . . . . . . 1 Secondary . | . . . . . . . Self-Inflicted Damage . | . . . . . . . Shots . | . . . . . . . Rammed . | . . . . . . . Targets Rammed . | . . . . . . . Kicked . | . . . . . . . Crushed . | . . . . . . . Highest Temperature 335 | . 9 29 2 335 3 45 Average Temperature 21 | . 8 6 2 111 3 13 Received Heat Transfer 740 | . 66 168 72 38 18 378 Effects 2 | . . . . 2 . . Matter Decay 1 | . . . . 1 . . Damage (minor) 1 | . . . . 1 . . Siege Activations . | . . . . . . . Martial Activations . | . . . . . . . Shielding Activations . | . . . . . . . Robots Disrupted . | . . . . . . . Combat Hostiles . | . . . . . . . Robots Corrupted . | . . . . . . . Combat Hostiles . | . . . . . . . Parts Fried . | . . . . . . . Impact Corruptions . | . . . . . . . Robots Melted . | . . . . . . . Combat Hostiles . | . . . . . . . Parts Melted . | . . . . . . . Heat Transferred . | . . . . . . . Parts Sabotaged . | . . . . . . . Parts Stolen . | . . . . . . . Parts Stripped . | . . . . . . . Power Chain Reactions . | . . . . . . . Alert | -11 -10 -9 -8 -7 -6 -5 ------- Run | Yrd Mat Mat Mat Fac Fac Fac Maximum Alert Level 1 | . . 1 . . . . Low Security (%) 97 | 100 100 83 100 100 100 100 Level 1 2 | . . 16 . . . . Level 2 . | . . . . . . . Level 3 . | . . . . . . . Level 4 . | . . . . . . . Level 5 . | . . . . . . . High Security . | . . . . . . . Max Security . | . . . . . . . Peak Influence 235 | . 40 235 182 82 45 135 Initial 82 | . . 3 1 82 19 11 Average 44 | . 10 83 69 29 16 55 Influence Increases 1363 | . 68 394 262 91 102 446 Destroy 0b10 Robot/C 440 | . 40 240 . . 20 140 Destroy 0b10 Robot/NC 40 | . . 5 5 . 20 10 Destroy Leader 88 | . 10 32 2 . 12 32 Successful Hack 60 | . 18 12 . . 15 15 Disable Machine 60 | . . . 30 . . 30 Destroy Structure 30 | . . . . 1 5 24 Partial Spotted 150 | . . 15 45 75 . 15 Lose Combat Pursuer 495 | . . 90 180 15 30 180 Influence Decreases 1296 | . 60 398 84 232 120 402 Entered New Map 142 | . . 5 3 100 22 12 Time Decay 774 | . 60 143 81 122 98 270 Lost Part 230 | . . 100 . 10 . 120 Purge Threat 150 | . . 150 . . . . Squads Dispatched 9 | . . 1 3 2 1 2 Investigation 2 | . . . 1 . . 1 Extermination 3 | . . . . 1 1 1 Reinforcement 4 | . . 1 2 1 . . Assault . | . . . . . . . Garrison . | . . . . . . . Intercept . | . . . . . . . Searches Triggered . | . . . . . . . Construction Impeded . | . . . . . . . Haulers Reinforced . | . . . . . . . Active Scanning Responses . | . . . . . . . Cargo Convoy Interrupts . | . . . . . . . Stealth | -11 -10 -9 -8 -7 -6 -5 --------- Run | Yrd Mat Mat Mat Fac Fac Fac Distress Signals 4 | . . 2 1 . . 1 Communications Jammed . | . . . . . . . Distress Signals . | . . . . . . . Times Spotted 92 | . 3 34 12 6 6 31 Peak Tracking Total 11 | . 2 10 11 5 4 8 Tactical Retreats 20 | . . 4 5 1 2 8 ECM-based Alert Blocks 1 | . . . . . . 1 Traps | -11 -10 -9 -8 -7 -6 -5 ------- Run | Yrd Mat Mat Mat Fac Fac Fac Traps Triggered 5 | . . . 2 1 . 2 Indirectly . | . . . . . . . Trap Hack Attempts . | . . . . . . . Triggered . | . . . . . . . Disarmed . | . . . . . . . Reprogrammed . | . . . . . . . Reused . | . . . . . . . Traps Extracted . | . . . . . . . Installed . | . . . . . . . Triggered . | . . . . . . . Machines | -11 -10 -9 -8 -7 -6 -5 ---------- Run | Yrd Mat Mat Mat Fac Fac Fac Machines Disabled 4 | . . . 2 . . 2 Max in Single Turn 1 | . . . 1 . . 1 Machines Repaired . | . . . . . . . Machines Dismantled . | . . . . . . . Machines Sabotaged . | . . . . . . . Overloaded Fab Kills . | . . . . . . . Hacking | -11 -10 -9 -8 -7 -6 -5 --------- Run | Yrd Mat Mat Mat Fac Fac Fac Machines Accessed 26 | . 2 8 3 3 3 7 Terminals 14 | . 2 7 1 . 2 2 Fabricators 1 | . . . . 1 . . Repair Stations 5 | . . . 1 1 1 2 Recycling Units 4 | . . 1 . 1 . 2 Scanalyzers 2 | . . . 1 . . 1 Garrison Access . | . . . . . . . Total Hacks 75 | . 8 28 10 5 8 16 Successful 34 | . 4 15 5 2 3 5 Failed 41 | . 4 13 5 3 5 11 Catastrophic 3 | . 1 . . . . 2 Database Lockouts . | . . . . . . . Manual 29 | . 3 14 4 . 5 3 Terminals 47 | . 8 26 4 . 6 3 Fabricators 1 | . . . . 1 . . Repair Stations 9 | . . . 3 2 2 2 Recycling Units 14 | . . 2 . 2 . 10 Scanalyzers 4 | . . . 3 . . 1 Garrison Access . | . . . . . . . Terminal Hacks 12 | . 4 5 . . 1 2 Part Schematic 1 | . 1 . . . . . Prototype ID Bank 3 | . 1 2 . . . . Alert Level 1 | . . . . . . 1 Unreport Threat 1 | . . 1 . . . . Locate Traps 3 | . . 1 . . 1 1 Dispatch Records 1 | . 1 . . . . . Hauler Manifests 1 | . . 1 . . . . Registered Components 1 | . 1 . . . . . Fabricator Hacks 1 | . . . . 1 . . Network Status 1 | . . . . 1 . . Repair Station Hacks 3 | . . . 2 . 1 . Scan Component 2 | . . . 1 . 1 . Repair 1 | . . . 1 . . . Recycling Unit Hacks 2 | . . . . 1 . 1 Report Inventory 1 | . . . . 1 . . Retrieve Matter 1 | . . . . . . 1 Scanalyzer 1 | . . . 1 . . . Retrieve Study 1 | . . . 1 . . . Garrison Access Hacks . | . . . . . . . Unauthorized Hacks 15 | . . 10 2 . 1 2 Terminals 13 | . . 9 2 . 1 1 Track 4 | . . 2 1 . . 1 Botnet 9 | . . 7 1 . 1 . Fabricators . | . . . . . . . Repair Stations . | . . . . . . . Recycling Units 2 | . . 1 . . . 1 Reject 2 | . . 1 . . . 1 Scanalyzers . | . . . . . . . Garrison Access . | . . . . . . . Data Cores Recovered . | . . . . . . . Used . | . . . . . . . Hacking Detections 24 | . 2 8 2 2 3 7 Full Trace Events 1 | . . . . . . 1 Feedback Events . | . . . . . . . Feedback Blocked . | . . . . . . . Robot Schematics Acquired . | . . . . . . . Robots Built . | . . . . . . . Authchips . | . . . . . . . Time . | . . . . . . . Total Robot Build Rating . | . . . . . . . Part Schematics Acquired 1 | . 1 . . . . . Parts Built . | . . . . . . . Authchips . | . . . . . . . Time . | . . . . . . . Total Part Build Rating . | . . . . . . . Part Studies Acquired 1 | . . . 1 . . . Parts Repaired . | . . . . . . . Time 26 | . . . 26 . . . Parts Recycled . | . . . . . . . Recycled Matter . | . . . . . . . Retrieved Matter . | . . . . . . . Retrieved Components . | . . . . . . . Parts Scanalyzed . | . . . . . . . Part Schematics Acquired . | . . . . . . . Parts Damaged . | . . . . . . . Bothacking | -11 -10 -9 -8 -7 -6 -5 ------------ Run | Yrd Mat Mat Mat Fac Fac Fac Used RIF Installer . | . . . . . . . Robots Hacked 2 | . . . . . 2 . Non-combat 2 | . . . . . 2 . Combat . | . . . . . . . Robot Hacks Applied 2 | . . . . . 2 . parse_system 1 | . . . . . 1 . no_distress 1 | . . . . . 1 . Relay Couplers Released . | . . . . . . . Fabnet Peak Effective % . | . . . . . . . Robots Rewired . | . . . . . . . Allies Hacked . | . . . . . . . Hacks Repelled . | . . . . . . . Allies | -11 -10 -9 -8 -7 -6 -5 -------- Run | Yrd Mat Mat Mat Fac Fac Fac Total Allies . | . . . . . . . Largest Group . | . . . . . . . Highest-Rated Group . | . . . . . . . Highest-Rated Ally . | . . . . . . . Total Orders . | . . . . . . . Ally Attacks . | . . . . . . . Total Damage . | . . . . . . . Kills . | . . . . . . . Allies Corrupted . | . . . . . . . Allies Melted . | . . . . . . . Intel | -11 -10 -9 -8 -7 -6 -5 ------- Run | Yrd Mat Mat Mat Fac Fac Fac Active Infowar (turns) 1168 | . 7 310 169 121 89 472 Optics 369 | . . . . . . 369 Terrain 3 | . . . . 3 . . Structural 671 | . 7 310 169 118 67 . Traps 376 | . . . . . 11 365 ECM 30 | . . . . . 11 19 Robot Analysis Total . | . . . . . . . Derelict Logs Recovered . | . . . . . . . Drone Launches . | . . . . . . . Drone Recoveries . | . . . . . . . Exploration | -11 -10 -9 -8 -7 -6 -5 ------------- Run | Yrd Mat Mat Mat Fac Fac Fac Turns Passed 2119 | 68 226 310 212 320 315 668 Spaces Moved 3086 | 44 149 359 455 751 536 792 Core 9 | 9 . . . . . . Treads 124 | 35 89 . . . . . Legs . | . . . . . . . Wheels . | . . . . . . . Hover 1144 | . 60 108 . 1 183 792 Flight 1809 | . . 251 455 750 353 . Fastest Speed 28 | 50 56 29 34 28 31 48 Average Speed 46 | 137 118 37 36 34 36 57 Slowest Speed 160 | 160 160 114 37 120 52 126 Overloaded Moves . | . . . . . . . Propulsion Burnouts . | . . . . . . . Robots Hopped 7 | . . 1 4 2 . . Potential Cave-ins . | . . . . . . . Cave-ins Triggered . | . . . . . . . Exploration Rate (%) 23 | 5 27 34 44 24 17 16 Regions Visited 6 Branch Regions . Pre-discovered Areas . | . . . . . . . Known Exits Taken 2 | . . . 1 . 1 . Unknown Exits Taken 4 | 1 1 1 . 1 . . Scrap Searched . | . . . . . . . Spaces Dug 15 | . . . . 1 5 9 Terrain Destroyed 18 | . . . . 1 5 12 Melee 14 | . . . . 1 5 8 Projectile 4 | . . . . . . 4 AOE . | . . . . . . . Terrain Rammed . | . . . . . . . Walls Destroyed . | . . . . . . . Machines Disabled . | . . . . . . . Actions | -11 -10 -9 -8 -7 -6 -5 --------- Run | Yrd Mat Mat Mat Fac Fac Fac Total 3559 | 49 177 461 499 810 625 938 Wait 141 | . 3 18 29 13 44 34 Move 3066 | 43 148 356 446 746 535 792 Hop 7 | . . 1 4 2 . . Pick Up 42 | . 6 7 6 8 4 11 Fast Attach 43 | 6 3 7 1 11 8 7 Attach 28 | . . 9 . 7 2 10 Detach 28 | . 2 8 1 8 3 6 Swap 20 | . . 2 2 1 5 10 Drop 43 | . 2 7 7 7 8 12 Fire 93 | . 13 46 3 . 3 28 Melee 34 | . . . . 1 13 20 Ram . | . . . . . . . Kick . | . . . . . . . Crush . | . . . . . . . Escape Stasis 14 | . . . . 6 . 8 Rewire . | . . . . . . . Trap . | . . . . . . . Miscellaneous . | . . . . . . . Route ------- -11/Scrapyard -10/Materials -9/Materials -8/Materials (discovered 3 exits: *Fac / *Sto x2) -7/Factory (discovered 2 exits: *Fac / *Low) -6/Factory -5/Factory History --------- Turn | Location | Event 7 | -11/Scrapyard | Discovered new exit (range 16) 69 | -11/Scrapyard | Entered Materials 279 | -10/Materials | Discovered new exit (range 14) 295 | -10/Materials | Entered another Materials area 295 | -9/Materials | Evolved 2 slots: Propulsion x2 317 | -9/Materials | Build established: Mutant 412 | -9/Materials | Lost 3 parts (1p2n) 593 | -9/Materials | Discovered new exit (range 16) 603 | -9/Materials | Core integrity fell below 50% 605 | -9/Materials | Entered another Materials area 605 | -8/Materials | Evolved 2 slots: Propulsion x2 616 | -8/Materials | Lost 6 parts (4n2w) 768 | -8/Materials | Discovered new exit (range 11) 775 | -8/Materials | Identified exit to Storage 804 | -8/Materials | Discovered new exit (range 10) 810 | -8/Materials | Discovered exit to Storage (range 15) 817 | -8/Materials | Identified exit to Factory 817 | -8/Materials | Entered Factory 817 | -7/Factory | Evolved 2 slots: Utility x2 825 | -7/Factory | Discovered new exit (range 5) 826 | -7/Factory | Identified exit to Lower Caves 1133 | -7/Factory | Discovered new exit (range 10) 1137 | -7/Factory | Entered another Factory area 1137 | -6/Factory | Evolved 2 slots: Propulsion x1, Utility x1 1153 | -6/Factory | Discovered new exit (range 15) 1264 | -6/Factory | Build established: Sprinter 1452 | -6/Factory | Identified exit to Factory 1452 | -6/Factory | Entered another Factory area 1452 | -5/Factory | Evolved 2 slots: Power x1, Utility x1 1621 | -5/Factory | Build established: Mutant 2120 | -5/Factory | Self-destructed Last Messages --------------- 02090_ U-05 Engineer builds a Door. 02090_ Penetrated by Slug. 02092_ Xenon Bombardment Thruster destroyed. 02093_ Penetrated by Slug. 02093_ U-05 Engineer builds a Wall. 02094_ Remote Datajack destroyed. 02096_ U-05 Engineer suffers critical hit (Burn). 02096_ Penetrated by Slug. 02096_ R-10 Processor collects Autogun. 02097_ Acquired Lgt. Deuterium Engine. 02099_ Slug penetrates U-05 Engineer. 02099_ Acquired 4 matter. 02105_ ALERT: Cargo convoy en route, clear transfer corridor. 02108_ Slug penetrates Wall. 02109_ U-05 Engineer builds a Wall. 02110_ Slug penetrates P-70 Sage. 02110_ P-70 Sage destroyed. 02114_ U-05 Engineer builds a Wall. 02116_ P-70 Sage knocked back. 02118_ P-70 Sage Mic. Fission Core blasted off. Map ----- +----------------------------------------------------+ | ?# # "" + # """" """" !! # | | ?# # ^ # # """" """" !! #? | | ?# #""" ^ # # """" """" [ *#? | | ?# #""" # # #? | | ?# #""" # #################???? | | ?# """ # # ############ #??????? | | ?# "R #""" + # ! * !#??????? | | ?# """ #""" ^ ! # # !="#??????? | | ?# ! ! #""" # # """ "#??????? | | ?############## # *% # """ ""#??????? | | ????????########+###+### %!* # """ S#??????? | | ????????# # [ p%# "#??????? | | ????????# # # ""#??????? | | ????????# """"""""" + u + "#??????? | | ????????# # ; !== #??????? | | ????????#! """"""""" # # == #??????? | | ######### # uR# == #??????? | | ####+########### # #??????? | | #### ##### # ######/#######??????? | | # ## # ####?# #??????? | | ! # ## # #????# #??????? | | "" """" # ## # #????# #??????? | | "" """" # T ## # #????#""" #??????? | | "" """" # [ ## # #????#""" #??????? | | "" """" # "# # ! #????#""" #??????? | | "" """" # # # @u #????# #??????? | | "" """" ### ##"# # #????#""" #??????? | | "" """" #?# #### # m #????#""" #??????? | | #?# #?## # #????#"""! [ #??????? | | #?# #?## # #????# [ #??????? | | ######+#### ######/###g ############+######+# | | =%*[% gY | | |%!% % | | [! % = | | =! | | | | +"####+######+####################+#############+# | | # #?????????# #???????? | | "" "" # #?????????# #???????? | | "" """ # #?????????# #???????? | | "" R" # #?????????# #???????? | | "" """ # ! ! #?????????# """ """ #???????? | | # ! ] #?????????# """ """ #???????? | | "" """" # ! #?????????# """ """ #???????? | | "" """" # #?????????# #???????? | | "" """" ###########?????????# #???????? | | "" """" #???????????????????# #???????? | | #???????????????????# #???????? | | #???????????????????# """T""" #???????? | | !! #???????????????????##############???????? | +----------------------------------------------------+ Best States ------------- Heat Dissipation 40 Energy Generation 20 Energy Capacity 280 Matter Stores 300 Matter Capacity 300 Sight Range 22 Terrain Scan Density 210 ECM Strength 1 Additional Mass Support 12 Armor Coverage 375 Resistance: KI 25 Propulsion Shielding 66 Evasion (%) 64 Targeting Accuracy 6 Core Analysis 6 Recoil Reduction 2 Offensive Hacking 10 Item Schematics ----------------- Structural Scanner | -10/Materials | Hacked Robot Schematics ------------------ None Fabricated ------------ Nothing Repaired ---------- Nothing Studied --------- Flight Unit | -8/Materials | Hacked Alien Tech Used ----------------- None Achievements -------------- None Challenges ------------ None Game ------ Seed ChipNovaShield Manual? 0 Play Time 00:49:34 Cumulative 139.6 hours Start 2026.07.26 @ 13:17:45 End 2026.07.26 @ 18:54:26 Sessions 3 Manual Loads 0 Difficulty Rogue Special Mode None Game No. 177 Rogue 171 Adventurer 6 Explorer 0 Win Type - Total 1 Types 1/0/0/0/0/0/0/0/0/0 Lore% 27 Gallery% 55 Achievement% 30 Wizard Run 0 Options --------- Layout 0 ASCII 0 Keyboard 1 Movement Numpad Keybinds 0 Fullscreen 2 Font 18/SmallcapsGlow Map View 76x50 Zoom Use 0% Tactical HUD 1 Map Filters NONE Filters NONE Steam 1 RUN: 19de1d86-3a05-4d87-a3c5-42099c1a982b